 Dungeon Crawl Stone Soup version 0.29-a0-473-gacb4ef3bc5 (webtiles) character file.

Game seed: 13568134335264147475

7 CrazyBamboolord the Scratcher (level 1, 0/9 HPs)
             Began as a Felid Transmuter on May 23, 2022.
             Slain by a giant cockroach (1 damage)
             ... on level 1 of the Dungeon.
             The game lasted 00:00:32 (554 turns).

CrazyBamboolord the Scratcher (Felid Transmuter)     Turns: 554, Time: 00:00:34

Health: 0/9        AC:  1    Str:  6    XL:     1   Next: 83%
Magic:  4/4        EV: 17    Int: 14    God:
Gold:   21         SH:  0    Dex: 16    Spells: 3/4 levels left
                                        Lives:  0   Deaths: 0

rFire   . . .      SeeInvis +     - Unarmed
rCold   . . .      Faith    .   (shield unavailable)
rNeg    . . .      Spirit   .   (body armour unavailable)
rPois   .          Reflect  .   (helmet unavailable)
rElec   .          Harm     .   (cloak unavailable)
rCorr   .          Rampage  .   (gloves unavailable)
Will    .....                   (boots unavailable)
Stlth   +.........              (no amulet)
HPRegen 0.03/turn               (no ring)
MPRegen 0.09/turn               (no ring)

@: appendages (expiring), quick
A: horns 2, very small, claws 1, fangs 3, see invisible, speed 1, shaggy fur 1,
stealthy paws, no weapons or thrown items, no armour, multi-lived
a: End Transformation


You were on level 1 of the Dungeon.
You had temporarily grown beastly horns.
You visited 1 branch of the dungeon, and saw 1 of its levels.

You collected 21 gold pieces.

Inventory:

Potions
 a - a potion of lignification
 b - a potion of heal wounds {unknown}


   Skills:
 * Level 1.0 Fighting
 * Level 2.7 Dodging
 * Level 3.3 Unarmed Combat
 * Level 2.1 Spellcasting
 * Level 2.2 Transmutations


You had 3 spell levels left.
You knew the following spells:

 Your Spells              Type           Power      Damage    Failure   Level
a - Beastly Appendage     Tmut           14%        N/A       10%         1

Your spell library contained the following spells:

 Spells                   Type           Power      Damage    Failure   Level
 Wereblood                Tmut           7%         N/A       14%         2
 Spider Form              Tmut/Pois      4%         N/A       41%         3
 Ice Form                 Ice/Tmut       4%         N/A       82%         4


Dungeon Overview and Level Annotations

Branches:
Dungeon (1/15)

Altars:


Innate Abilities, Weirdness & Mutations

You have temporarily grown beastly horns.
You have sharp claws.
You have razor-sharp teeth.
You have supernaturally acute eyesight. (SInv)
You cover ground quickly. (Speed+)
You are covered in fur. (AC +1)
Your paws help you pounce on unaware monsters.
You are incapable of wielding weapons or throwing items.
You cannot wear armour.
You gain extra lives every three experience levels.


Message History

Casting: Beastly Appendage (safe; 10% risk of failure)
Press: ? - help, Q - select action Dir - look around, f - activate You grow a pair of large bovine horns.
The ball python hisses angrily.
A giant cockroach comes into view.
Found a scroll labelled OQEEMU NI LODI.
The ball python closely misses you. The ball python completely misses you.
The bat hits you.
You barely miss the bat. Your headbutt misses the bat. The bat hits you.
The bat barely misses you. The ball python closely misses you. x2
You scratch the bat. Your headbutt misses the bat.
The bat is moderately wounded.
The bat barely misses you. The bat hits you.
The ball python closely misses you. x2
You closely miss the bat.
The bat is moderately wounded.
The bat misses you.
The ball python completely misses you. x2
The ball python barely misses you. x2
You scratch the bat. Your bite misses the bat.
The bat is heavily wounded.
The bat hits you. The bat hits you but does no damage.
The ball python bites you.
* * * LOW HITPOINT WARNING * * *
The ball python barely misses you.
You are too injured to fight recklessly!
The bat barely misses you. x2
The bat barely misses you. The bat attacks as you move away! The bat hits you.
* * * LOW HITPOINT WARNING * * *
The bat completely misses you. The bat misses you.
Your transformation is almost over.
The bat hits you but does no damage. The bat attacks as you move away!
The bat barely misses you. The bat completely misses you.
The bat closely misses you. The bat barely misses you.
You scratch the bat.
You kill the bat!
The giant cockroach bites you.
You die...

############### #.............#
#.###########.# ### #.# #.#
#########.... #.# #.#
#............ #.######### #.#
#.#.........#
..........###.######.#.#####?#.#
...P..#..)......@BS....#
PPPP....#####.#######..#
P.♣♣....# #.# #..# ._P♣P.#.# #.#
#..# ♣♣....#.# #.# #..#
P.♣...#.#####.# #...
..............###########
......#........#...
####.#.#######.#.##


You could see a giant cockroach and a ball python.

Vanquished Creatures
  A ball python (D:1)
  A bat (D:1)
  A giant cockroach (D:1)
  A goblin (D:1)
  A kobold (D:1)
  2 rats (D:1)
7 creatures vanquished.

Notes
Turn   | Place    | Note
-------+----------+-------------------------------------------
     0 | D:1      | CrazyBamboolord the Felid Transmuter began the quest for
                  | the Orb.
     0 | D:1      | Reached XP level 1. HP: 9/9 MP: 4/4
   214 | D:1      | Found a faded altar of an unknown god.
   554 | D:1      | Slain by a giant cockroach

Illustrated notes

Levels and vault maps discovered:
D:1:      dpeg_arrival_houses_and_road, layout_loops_ring,
          dreamdust_ecumenical_altar_grove

Action                   || total
-------------------------++-------
Melee: Unarmed           ||    15
       Headbutt          ||     1
       Bite              ||     1
 Cast: Beastly Appendage ||     6
 Stab: Sleeping          ||     2
Armor: Skin              ||     2
Dodge: Dodged            ||    28

Table legend: (Time is in decaauts)
 A = Elapsed time spent in this place.
 B = Non-inter-level travel time spent in this place.
 C = Inter-level travel time spent in this place.
 D = Time resting spent in this place.
 E = Time spent auto-exploring this place.
 F = Levels seen in this place.
 G = Mean time per level.
                   A        B        C        D        E       F      G
               +--------+--------+--------+--------+--------+-----+--------+
         Total |    515 |    515 |      0 |      0 |    459 |   1 |  515.0 |
       Dungeon |    515 |    515 |      0 |      0 |    459 |   1 |  515.0 |
               +--------+--------+--------+--------+--------+-----+--------+

Top non-repeatable levels by time:
     D:1: 515 daAuts
